 Dungeon Crawl Stone Soup version 0.29.1-15-g9cfb28693d (webtiles) character file.

Game seed: 4324403347773412762

137 protoss039 the Digger (level 5, 39/39 HPs)
             Began as a Demonspawn Earth Elementalist on Mar 21, 2023.
             Got out of the dungeon alive.
             The game lasted 00:02:53 (2827 turns).

protoss039 the Digger (DsEE)                        Turns: 2827, Time: 00:02:54

Health: 39/39      AC:  4    Str:  8    XL:     5   Next: 0%
Magic:  9/9        EV: 11    Int: 21    God:
Gold:   149        SH:  3    Dex: 13    Spells: 7/10 levels left

rFire   . . .      SeeInvis .   o - +2 whip of Conflict {drain, +Blink Will+ Int+2}
rCold   . . .      Faith    .   n - +0 buckler
rNeg    . . .      Spirit   .   h - +0 leather armour
rPois   .          Reflect  .   (no helmet)
rElec   .          Harm     .   m - +0 cloak
rCorr   .          Rampage  .   (no gloves)
Will    +....                   (no boots)
Stlth   ++........              (no amulet)
HPRegen 0.13/turn               (no ring)
MPRegen 0.11/turn               (no ring)

@: no status effects
A: ignite blood 1, powered by pain 1, weakness stinger 1
a: Evoke Blink


You escaped.
You visited 1 branch of the dungeon, and saw 3 of its levels.

You collected 149 gold pieces.

Inventory:

Hand Weapons
 o - the +2 whip of Conflict (weapon) {drain, +Blink Will+ Int+2}
   (You found it on level 3 of the Dungeon)

   A truly terrible weapon, it drains the life of any living foe it strikes.
   Int:       It affects your intelligence (+2).
   +Blink:    It lets you blink.
   Will:      It increases your willpower.
Armour
 h - a +0 leather armour (worn)
 m - a +0 cloak (worn)
 n - a +0 buckler (worn)
Scrolls
 a - a scroll of immolation {unknown}
 c - a scroll of enchant weapon {unknown}
 d - a scroll of teleportation {unknown}
 e - a scroll of vulnerability {unknown}
 g - 3 scrolls of identify {unknown}
 j - a scroll of fear {unknown}
Potions
 b - a potion of magic
 f - a potion of attraction {unknown}
 i - a potion of might {unknown}
 k - a potion of lignification {unknown}


   Skills:
 + Level 2.4 Fighting
 - Level 1.7 Dodging
 - Level 1.7 Stealth
 + Level 3.2 Spellcasting
 - Level 0.8 Transmutations
 + Level 3.7 Earth Magic


You had 7 spell levels left.
You knew the following spells:

 Your Spells              Type           Power      Damage    Failure   Level
a - Sandblast             Erth           38%        2d10      5%          1
b - Passwall              Tmut/Erth      10%        N/A       16%         2

Your spell library contained the following spells:

 Spells                   Type           Power      Damage    Failure   Level
 Stone Arrow              Conj/Erth      22%        3d8       34%         3
 Ensorcelled Hibernation  Hex/Ice        6%         N/A       36%         2
 Swiftness                Air            3%         N/A       61%         3
 Petrify                  Tmut/Erth      13%        N/A       69%         4
 Fireball                 Conj/Fire      1%         3d3       100%        5
 Starburst                Conj/Fire      1%         6d3       100%        6
 Ignition                 Fire           1%         3d3       100%        8


Dungeon Overview and Level Annotations

Branches:
Dungeon (3/15) Zot: 15070

Altars:

Shops:
D:1 :


Innate Abilities, Weirdness & Mutations

Your demonic aura sometimes causes spilled blood to erupt in flames.
You sometimes gain a little power by taking damage.
You have a small tail.


Message History

You now have 149 gold pieces (gained 9).
Found a stone staircase leading down.
A giant cockroach comes into view.
A giant cockroach is nearby!
A giant cockroach is nearby!
A giant cockroach is nearby!
There is a stone staircase leading down here.
A giant cockroach is nearby!
The giant cockroach closely misses you.
A giant cockroach is nearby!
You hit the giant cockroach but do no damage.
The giant cockroach bites you but does no damage.
The giant cockroach misses you.
A giant cockroach is nearby!
You hit the giant cockroach.
You kill the giant cockroach!
You have reached level 5!
Your demonic ancestry asserts itself...
You feel energised by your suffering.
Unknown command.
(D) Dungeon
Where to? (Enter - D:2 @ (x,y), ? - help)
What level of the Dungeon? (default 1, ? - help)
You see here a bat corpse.
There is a stone staircase leading up here.
You climb upwards.
There is a stone staircase leading down here.
There is a stone staircase leading down here.
You enter the shallow water.
Moving in this stuff is going to be slow.
You enter the shallow water.
Moving in this stuff is going to be slow.
There is a stone staircase leading up here.
You climb upwards.
There is a stone staircase leading down here.
You see here a +0 dagger.
There is an open gate here.
There is a staircase leading out of the dungeon here.
Are you sure you want to leave the Dungeon?
This will make you lose the game!
You have escaped!

######################
≈≈≈≈≈≈≈≈≈≈≈≈≈≈≈≈≈≈≈≈≈♣
≈≈≈≈≈≈≈≈≈≈≈≈≈≈≈≈≈≈♣
≈≈≈≈≈≈≈≈~~~≈~~~≈≈≈♣
≈≈≈≈≈≈~≈~..~~..♣♣♣♣
≈≈≈≈~~...........♣
≈≈≈~~............♣
≈≈≈~............P♣
≈≈≈....P.♣.....♣@♣
≈≈~~....).....♣♣♣♣
≈~~......♣P.P.♣
≈≈~.....♣######
######## ≈≈≈~....P#
#......# ≈≈.......#
#.#.>..### ≈≈~.....P#
#.#....+.# ≈≈≈~....♣#
#.#....#.# ≈≈≈~....♣#
#.#....#.####


There were no monsters in sight!

Vanquished Creatures
  Crazy Yiuf (D:2)
  Natasha (twice) (D:2)
  An adder (D:2)
  2 dart slugs
  4 bats
  6 endoplasms
  4 giant cockroaches
  2 goblins (D:1)
  3 hobgoblins
  2 jackals (D:3)
  5 quokkas
  2 frilled lizards
  3 kobolds (D:2)
  4 rats
41 creatures vanquished.

Notes
Turn   | Place    | Note
-------+----------+-------------------------------------------
     0 | D:1      | protoss039 the Demonspawn Earth Elementalist began the
                  | quest for the Orb.
     0 | D:1      | Reached XP level 1. HP: 13/13 MP: 3/3
   189 | D:1      | Gained mutation: Your demonic aura sometimes causes spilled
                  | blood to erupt in flames. [demonic ancestry]
   189 | D:1      | Reached XP level 2. HP: 20/20 MP: 3/5
   297 | D:1      | Found Wicas's Book Shop.
   422 | D:1      | Reached skill level 1 in Fighting
   444 | D:1      | Found a faded altar of an unknown god.
  1187 | D:1      | Learned a level 2 spell: Passwall
  1252 | D:2      | Noticed Natasha
  1466 | D:2      | Reached XP level 3. HP: 26/26 MP: 4/6
  1984 | D:2      | Found a runed translucent door.
  1985 | D:2      | Noticed Crazy Yiuf
  2226 | D:2      | Killed Crazy Yiuf
  2227 | D:2      | Gained mutation: You have a small tail. [demonic ancestry]
  2227 | D:2      | Reached XP level 4. HP: 22/33 MP: 3/8
  2400 | D:2      | Killed Natasha
  2520 | D:2      | Noticed Natasha
  2525 | D:2      | Killed Natasha
  2646 | D:3      | Identified the +2 whip of Conflict {drain, +Blink Will+
                  | Int+2}
  2677 | D:3      | Gained mutation: You sometimes gain a little power by
                  | taking damage. [demonic ancestry]
  2677 | D:3      | Reached XP level 5. HP: 39/39 MP: 9/9
  2827 | D:$      | Got out of the dungeon alive.

Illustrated notes

Levels and vault maps discovered:
D:1:      kennysheep_arrival_seaside, layout_basic, serial_shops, shop,
          dreamdust_ecumenical_altar_statues
D:2:      wander_river, layout_loops_ring, serial_park_tiny_pond,
          uniq_crazy_yiuf_cottage, uniq_natasha
D:3:      minmay_evil_eye, layout_basic, tso_altar, mainiacjoe_overflow_paths,
          nicolae_gozag_cash_rules_everything_around_me, minivault_19,
          guppyfry_early_orc_mine

Skill      XL: |  1  2  3  4 |
---------------+-------------+-----
Fighting       | 1 2 |  2.4
Earth Magic    | 3 |  3.7
Spellcasting   | 3 |  3.2
Dodging        | |  1.7
Stealth        | |  1.7
Transmutations | |  0.8

Action                   |  1- 3 |  4- 6 || total
-------------------------+-------+-------++-------
Melee: Club              |     1 |       ||     1
       Unarmed           |     1 |       ||     1
       Quarterstaff      |       |     7 ||     7
       Whip              |       |     2 ||     2
       Tailslap          |       |     1 ||     1
 Cast: Sandblast         |    50 |     7 ||    57
 Stab: Sleeping          |       |     1 ||     1
Armor: Robe              |     2 |       ||     2
       Leather armour    |     1 |     2 ||     3
Dodge: Dodged            |    15 |     7 ||    22
